 Dungeon Crawl Stone Soup version 0.23-a0-395-gcf17ac6 (webtiles) character file.

67 Azzok the Firebug (level 4, 30/30 HPs)
             Began as a Demonspawn Fire Elementalist on Nov 1, 2018.
             Quit the game on level 2 of the Dungeon.
             The game lasted 00:02:09 (1407 turns).

Azzok the Firebug (Demonspawn Fire Elementalist)    Turns: 1407, Time: 00:02:10

Health: 30/30      AC:  2    Str:  8    XL:     4   Next: 0%
Magic:  4/7        EV: 12    Int: 17    God:
Gold:   80         SH:  0    Dex: 14    Spells: 3/7 levels left

rFire    . . .     SeeInvis .   l - +1 quarterstaff (crush)
rCold    . . .     Gourm    .   (shield currently unavailable)
rNeg     . . .     Faith    .   a - +0 robe
rPois    .         Spirit   +   (no helmet)
rElec    .         Reflect  .   (no cloak)
rCorr    .         Harm     .   (no gloves)
MR       .....                  (no boots)
Stlth    ++........             (no amulet)
HPRegen  0.10/turn              (no ring)
MPRegen  0.20/turn              (no ring)

@: no status effects
A: claws 1, magic shield, magic regeneration
a: no special abilities


You were on level 2 of the Dungeon.
You were not hungry.

You visited 1 branch of the dungeon, and saw 2 of its levels.

You collected 80 gold pieces.

Inventory:

Hand Weapons
 l - a +1 quarterstaff of crushing (weapon)
Armour
 a - a +0 robe (worn)
Scrolls
 b - a scroll of enchant weapon {unknown}
 f - a scroll of fog {unknown}
 h - a scroll of identify {unknown}
 i - a scroll of enchant armour {unknown}
 k - a scroll of blinking {unknown}
Potions
 e - 2 potions of haste {unknown}
 g - a potion of curing {unknown}
Comestibles
 c - 3 rations
 j - 6 chunks of flesh


   Skills:
 - Level 1.7 Dodging
 - Level 1.7 Stealth
 - Level 2.0 Spellcasting
 + Level 2.8 Conjurations
 + Level 3.6 Fire Magic


You had 3 spell levels left.
You knew the following spells:

 Your Spells              Type           Power        Failure   Level  Hunger
a - Flame Tongue          Conj/Fire      ##...        5%          1    #......
b - Conjure Flame         Conj/Fire      ##......     16%         3    ###....

Your spell library contained the following spells:

 Spells                   Type           Power        Failure   Level  Hunger
 Throw Flame              Conj/Fire      ##....       8%          2    ###....
 Animate Skeleton         Necr           N/A          19%         1    #......
 Apportation              Tloc           #.....       19%         1    #......
 Confusing Touch          Hex            #.....       19%         1    #......
 Summon Small Mammal      Summ           #...         19%         1    #......
 Inner Flame              Hex/Fire       #.......     26%         3    ###....
 Sticky Flame             Conj/Fire      ##......     45%         4    #####..
 Fireball                 Conj/Fire      ##........   82%         5    ######.


Dungeon Overview and Level Annotations

Branches:
Dungeon (2/15)

Altars:


Innate Abilities, Weirdness & Mutations

You have sharp fingernails.
When hurt, damage is shared between your health and your magic reserves.
You regenerate magic rapidly.


Message History

Confirm with . or Enter, or press ? or * to list all spells.
Aiming: Flame Tongue (safe; 5% risk of failure)
Press: ? - help, Shift-Dir - straight line, f - bat
Aim: a bat The flame tongue hits the bat.
You kill the bat!
The goblin shoots a stone.
The stone hits you but does no damage.
Casting: Flame Tongue (safe; 5% risk of failure)
Confirm with . or Enter, or press ? or * to list all spells.
Aiming: Flame Tongue (safe; 5% risk of failure)
Press: ? - help, Shift-Dir - straight line, f - goblin
Aim: a goblin, wielding a +0 hunting sling The flame tongue hits the goblin.
You kill the goblin!
You have reached level 4!
You feel agile.
You feel monstrous as your demonic heritage exerts itself.
Your demonic ancestry asserts itself...
Your fingernails lengthen.
Are you sure you want to abandon this character and quit the game? (Confirm

··· ·· ▒·▒ ▒··▒▒÷▒▒▒▒▒·▒
···· ·· ▒·▒ ▒········▒▒·▒
▒h··▒▒·▒▒·▒▒
▒··········(▒▒ ···l···
···▒ ▒▒▒▒▒·········
······· ▒··▒ ▒··▒·▒▒▒▒▒
·····h·▒▒··▒▒▒▒▒▒▒▒··▒·▒ ▒
▒()h·▒▒········▒·▒ ▒
>······▒▒▒·▒▒÷▒▒▒·▒····▒▒▒
▒ ··>···▒
▒·@··▒▒▒·)······▒ ▒ ······
▒▒▒▒·▒·▒·▒^·····▒ ▒ ·▒·▒▒
▒▒···▒···▒▒··▒ ▒ ▒
▒≈≈≈≈≈≈▒▒▒·▒▒··▒ ▒
▒▒▒▒···▒ ▒·▒▒··▒ ▒ ····▒▒
▒·▒▒··▒▒▒ ·▒▒▒▒▒ ▒········
▒ ▒▒▒▒··▒▒▒ ▒▒▒▒▒·÷▒


You could see a jackal.

Vanquished Creatures
  2 adders (D:2)
  An ooze (D:1)
  2 dart slugs (D:1)
  A leopard gecko (D:1)
  A ball python (D:1)
  3 giant cockroaches
  5 goblins
  6 hobgoblins
  A jackal (D:2)
  4 kobolds (D:1)
  6 bats
  3 frilled lizards (D:1)
  4 rats
39 creatures vanquished.

Notes
Turn   | Place    | Note
-------+----------+-------------------------------------------
     0 | D:1      | Azzok the Demonspawn Fire Elementalist began the quest for
                  | the Orb.
     0 | D:1      | Reached XP level 1. HP: 13/13 MP: 3/3
   272 | D:1      | Reached skill level 3 in Fire Magic
   272 | D:1      | Gained mutation: When hurt, damage is shared between your
                  | health and your magic reserves. [demonic ancestry]
   272 | D:1      | Reached XP level 2. HP: 19/19 MP: 3/5
   802 | D:1      | Gained mutation: You regenerate magic rapidly. [demonic
                  | ancestry]
   802 | D:1      | Reached XP level 3. HP: 17/24 MP: 0/6
  1262 | D:2      | Learned a level 3 spell: Conjure Flame
  1406 | D:2      | Gained mutation: You have sharp fingernails. [demonic
                  | ancestry]
  1406 | D:2      | Reached XP level 4. HP: 30/30 MP: 4/7
  1407 | D:2      | Quit the game

Vault maps used:
D:1:      minmay_arrival_semitransparent, hangedman_decor_growths
D:2:      tso_metal_star, chequers_serial_rivers_micro_b, nrook_uturn

Skill      XL: |  1  2 |
---------------+-------+-----
Fire Magic     | 3 |  3.6
Conjurations   | 2 |  2.8
Dodging        | |  1.7
Stealth        | |  1.7
Spellcasting   | |  2.0

Action                   |  1- 3 |  4- 6 || total
-------------------------+-------+-------++-------
Melee: Unarmed           |     3 |       ||     3
       Short sword       |     4 |       ||     4
 Cast: Flame Tongue      |    59 |     1 ||    60
  Eat: Chunk             |     2 |       ||     2
Armor: Robe              |     7 |       ||     7
Dodge: Dodged            |    21 |       ||    21

Table legend:
 A = Non-vault XP
 B = Vault XP
 C = Vault XP percentage of total XP
 D = Non-vault monster count
 E = Vault monster count
 F = Vault count percentage of total count
                 A         B        C        D         E       F
            +---------+---------+-------+---------+---------+-------
      Total |      97 |       0 |   0.0 |      39 |       0 |   0.0
            +---------+---------+-------+---------+---------+-------
        D:1 |      60 |       0 |   0.0 |      30 |       0 |   0.0
        D:2 |      37 |       0 |   0.0 |       9 |       0 |   0.0
            +---------+---------+-------+---------+---------+-------
